 Dungeon Crawl Stone Soup version 0.31-a0-596-g831eee08f1 (webtiles) character file.

Game seed: 13455974547147367673

753 thirtiethelement the Chopper (level 7, -8/54 HPs)
             Began as a Demonspawn Cinder Acolyte on Aug 20, 2023.
             Was a High Priest of Ignis.
             Mangled by a two-headed ogre
             ... wielding a +0 giant club
              (15 damage)
             ... on level 6 of the Dungeon.
             The game lasted 00:10:25 (4259 turns).

thirtiethelement the Chopper (DsCA)                 Turns: 4259, Time: 00:10:25

Health: -8/54      AC:  4    Str: 16    XL:     7   Next: 49%
Magic:  8/9        EV: 12    Int: 22    God:    Ignis [*****.]
Gold:   370        SH:  0    Dex: 16    Spells: 6/9 levels left

rFire   + + .        a - -1 hand axe (flame)
rCold   . . .        (no shield)
rNeg    . . .        k - +1 leather armour {rF+}
rPois   .            (no helmet)
rElec   .            (no cloak)
rCorr   .            (no gloves)
SInv    .            (no boots)
Will    .....        (no amulet)
Stlth   +++          e - +6 ring of intelligence
HPRegen 0.29/turn    y - +6 ring of dexterity
MPRegen 0.22/turn

%: no passive effects
@: no status effects
A: thin skeletal structure 1, foul stench 1, magic regeneration, weakness
stinger 2
a: Renounce Religion, Fiery Armour, Foxfire Swarm, Rising Flame


You were on level 6 of the Dungeon.
You worshipped Ignis.
Ignis was extremely pleased with you.
You visited 2 branches of the dungeon, and saw 7 of its levels.

You collected 370 gold pieces.

Inventory:

Hand Weapons
 a - a -1 hand axe of flaming (weapon)
Missiles
 b - 5 boomerangs (quivered)
 d - 4 javelins
Armour
 k - a +1 leather armour of fire resistance (worn)
 z - a scarf of shadows
Jewellery
 e - a +6 ring of intelligence (left hand)
 w - a +4 ring of protection
 y - a +6 ring of dexterity (right hand)
Talismans
 j - a blade talisman
 v - a serpent talisman
Wands
 n - a wand of polymorph (7)
 o - a wand of iceblast (2)
Scrolls
 c - a scroll of poison {unknown}
 f - 2 scrolls of immolation {unknown}
 i - 3 scrolls of teleportation
 l - a scroll of summoning {unknown}
 p - a scroll of enchant armour {unknown}
 r - 3 scrolls of identify {unknown}
 x - a scroll of brand weapon {unknown}
Potions
 g - a potion of invisibility {unknown}
 h - a potion of haste {unknown}
 m - 3 potions of lignification {unknown}
 q - a potion of enlightenment {unknown}
 s - a potion of curing {unknown}
 t - a potion of mutation {unknown}
 u - a potion of attraction {unknown}


   Skills:
 + Level 4.1 Fighting
 + Level 4.5 Axes
 * Level 4.2 Armour
 + Level 2.4 Dodging
 + Level 2.2 Stealth
 + Level 1.8 Spellcasting
 - Level 2.9 Fire Magic
 + Level 0.4 Evocations


You had 6 spell levels left.
You knew the following spells:

 Your Spells              Type           Power      Damage    Failure   Level
a - Scorch                Fire           28%        2d6       8%          2
b - Necrotise             Necr           8%         1d4       17%         1

Your spell library contained the following spells:

 Spells                   Type           Power      Damage    Failure   Level
 Sandblast                Erth           4%         2d4       17%         1
 Passwall                 Tmut/Erth      1%         N/A       26%         2
 Sublimation of Blood     Necr           2%         N/A       26%         2
 Wereblood                Tmut           2%         N/A       26%         2
 Hailstorm                Conj/Ice       2%         3d3       45%         3
 Stone Arrow              Conj/Erth      4%         3d7       45%         3
 Vampiric Draining        Necr           2%         2d6       45%         3
 Summon Ice Beast         Ice/Summ       2%         N/A       86%         4
 Agony                    Necr           2%         N/A       99%         5
 Simulacrum               Ice/Necr       1%         N/A       100%        6
 Summon Hydra             Summ           1%         N/A       100%        7


Dungeon Overview and Level Annotations

Branches:
Dungeon (6/15)             Temple (1/1) D:5

Altars:
Ashenzari
Cheibriados
Dithmenos
Fedhas
Gozag
Hepliaklqana
Kikubaaqudgha
Makhleb
Nemelex Xobeh
Okawaru
Qazlal
Ru
Sif Muna
Trog
Uskayaw
Vehumet
Wu Jian
Xom

Shops:
D:2 :=   D:3 (


Innate Abilities, Weirdness & Mutations

You have a somewhat thin skeletal structure. (Dex +2, Stealth+)
You may rarely emit foul miasma when damaged in melee.
You regenerate magic rapidly.
You have a tail ending in a sharp stinger.


Message History

You hear a shout!
A kobold brigand comes into view.
It is wielding a +0 club and quivering poisoned darts.
A two-headed ogre comes into view. It is wielding two +0 giant clubs.
The kobold brigand shouts!
You hit the kobold. You burn the kobold.
The kobold is heavily wounded.
You hear a shout!
The kobold closely misses you.
The sky beast flickers out of sight!
Deactivating autopickup; reactivate with Ctrl-A.
You hit the kobold but do no damage.
The kobold is heavily wounded.
You hit the kobold but do no damage.
The kobold is heavily wounded.
The kobold hits you but does no damage.
You hit the kobold but do no damage.
The kobold is heavily wounded.
The kobold barely misses you.
You barely miss the kobold.
Your tail-slap misses the kobold.
The kobold is heavily wounded.
The kobold barely misses you.
You slash the kobold! You burn the kobold.
You kill the kobold!
A white imp comes into view.
Casting: Scorch (safe; 8% risk of failure)
Confirm with . or Enter, or press ? or * to list all spells.
Flames lash the kobold brigand.
The kobold brigand is lightly wounded.
The kobold brigand's fire resistance burns away.
You hear an angry hiss.
You hear a shout!
The two-headed ogre closely misses you.
The two-headed ogre hits you with a +0 giant club!
The two-headed ogre attacks as it pursues you!
The two-headed ogre hits you with a +0 giant club!!
The two-headed ogre hits you with a +0 giant club!
* * * LOW HITPOINT WARNING * * *
The kobold brigand is no longer more vulnerable to fire.
The two-headed ogre attacks as it pursues you!
The two-headed ogre closely misses you.
The two-headed ogre hits you with a +0 giant club!
You die...

#.#<.......
#.#.#######
######.#.#
[........#
..#####.##
.#.#####.#
.......<.#
#........#
..#####.@#
#.O######.#
#..........
##K#####..#
#.# #.##
#..# #.#)#
...##.#


You could see a two-headed ogre and a kobold brigand.

Vanquished Creatures
  The ghost of LobsterGuardian the Digger, an amateur OpEE (D:5)
  An ice beast (D:5)
  An ogre (D:5)
  A centaur (D:5)
  A scorpion (D:5)
  2 quasits (D:5)
  A jelly (D:5)
  A hound (D:5)
  An iguana (D:5)
  A gnoll (D:1)
  4 adders
  2 dart slugs
  2 orcs (D:5)
  11 ball pythons
  4 endoplasms
  4 giant cockroaches
  9 goblins
  8 hobgoblins
  7 kobolds
  2 quokkas
  3 bats
  4 frilled lizards
  5 rats
76 creatures vanquished.

Notes
Turn   | Place    | Note
-------+----------+-------------------------------------------
     0 | D:1      | thirtiethelement the Demonspawn Cinder Acolyte began the
                  | quest for the Orb.
     0 | D:1      | Reached XP level 1. HP: 18/18 MP: 2/2
    18 | D:1      | Gained mutation: You have a small tail. [demonic ancestry]
    18 | D:1      | Reached XP level 2. HP: 7/24 MP: 3/3
   338 | D:1      | Learned a level 2 spell: Scorch
   461 | D:1      | Gained mutation: You have a somewhat thin skeletal
                  | structure. (Dex +2, Stealth+) [demonic ancestry]
   461 | D:1      | Reached XP level 3. HP: 24/29 MP: 4/4
   845 | D:2      | Learned a level 1 spell: Necrotise
   895 | D:2      | Found Buupnaloh's Jewellery Shop.
   905 | D:2      | Found Vaompotiwo's Book Emporium.
  1135 | D:2      | Reached skill level 1 in Armour
  1451 | D:2      | Gained mutation: You may rarely emit foul miasma when
                  | damaged in melee. [demonic ancestry]
  1451 | D:2      | Reached XP level 4. HP: 35/35 MP: 5/5
  1759 | D:3      | Found Eleadi's Weapon Boutique.
  2405 | D:4      | Found a hazy altar of Hepliaklqana.
  2565 | D:4      | Found a snail-covered altar of Cheibriados.
  2572 | D:4      | Found a burning altar of Makhleb.
  2782 | D:5      | Entered Level 5 of the Dungeon
  2805 | D:5      | Reached skill level 1 in Dodging
  2805 | D:5      | Gained mutation: You have a tail ending in a sharp stinger.
                  | [demonic ancestry]
  2805 | D:5      | Reached XP level 5. HP: 39/41 MP: 6/6
  3010 | D:5      | Found a shadowy altar of Dithmenos.
  3115 | D:5      | Found a transporter.
  3127 | D:5      | Found a transporter.
  3130 | D:5      | Noticed LobsterGuardian's ghost (amateur OpEE)
  3145 | D:5      | Reached skill level 1 in Stealth
  3147 | D:5      | Killed LobsterGuardian's ghost
  3148 | D:5      | Reached XP level 6. HP: 18/48 MP: 7/7
  3483 | D:5      | Noticed an ice beast
  3492 | D:5      | Killed an ice beast
  3493 | D:5      | Gained mutation: You regenerate magic rapidly. [demonic
                  | ancestry]
  3493 | D:5      | Reached XP level 7. HP: 42/54 MP: 1/9
  3895 | D:5      | Found a staircase to the Ecumenical Temple.
  3903 | Temple   | Entered the Ecumenical Temple
  4246 | D:6      | Noticed a two-headed ogre
  4259 | D:6      | Mangled by a two-headed ogre

Illustrated notes

Levels and vault maps discovered:
D:1:      moated_graveyard_arrival, layout_rooms
D:2:      kennysheep_big_flooded_room, layout_loops_ring, serial_shops, shop,
          nicolae_book_shop_shelving, minmay_puff
D:3:      layout_basic, serial_shops, shop
D:4:      layout_basic, mainiacjoe_overflow_paths,
          gammafunk_temple_overflow_forgotten
D:5:      layout_loops_corners, kennysheep_mini, minmay_temple_entry_junction,
          gammafunk_ghost_stat_death, minmay_misc_feat_five
D:6:      layout_loops_ring, st_stairs_11
Temple:   compressed_dpeg_triangle_lava_temple

Skill      XL: |  1  2  3  4  5  6  7 |
---------------+----------------------+-----
Axes           | 3 4 |  4.5
Armour         | 1 2 3 4 |  4.2
Dodging        | 1 2 |  2.4
Stealth        | 1 2 |  2.2
Fighting       | 4 |  4.1
Spellcasting   | |  1.8
Fire Magic     | |  2.9
Evocations     | |  0.4

Action                     |  1- 3 |  4- 6 |  7- 9 || total
---------------------------+-------+-------+-------++-------
  Melee: Hand axe          |   115 |    80 |    20 ||   215
         Tailslap          |    11 |     6 |     2 ||    19
         Punch             |       |     1 |       ||     1
  Throw: Boomerang         |     3 |       |     2 ||     5
   Cast: Scorch            |       |     7 |     3 ||    10
  Evoke: Wand              |       |     3 |       ||     3
    Use: Scroll            |       |     1 |       ||     1
   Stab: Sleeping          |     3 |     5 |       ||     8
 Armour: Ring mail         |    18 |       |       ||    18
         Leather armour    |    14 |    31 |     5 ||    50
  Dodge: Dodged            |    69 |    73 |    21 ||   163

Table legend: (Time is in decaauts)
 A = Elapsed time spent in this place.
 B = Non-inter-level travel time spent in this place.
 C = Inter-level travel time spent in this place.
 D = Time resting spent in this place.
 E = Time spent auto-exploring this place.
 F = Levels seen in this place.
 G = Mean time per level.
                   A        B        C        D        E       F      G
               +--------+--------+--------+--------+--------+-----+--------+
         Total |   4286 |   4163 |    123 |     79 |   3295 |   7 |  612.3 |
       Dungeon |   4284 |   4161 |    123 |     79 |   3295 |   6 |  714.0 |
        Temple |      1 |      1 |      0 |      0 |      0 |   1 |    1.0 |
               +--------+--------+--------+--------+--------+-----+--------+

Top non-repeatable levels by time:
     D:5: 1447 daAuts
     D:2: 853 daAuts
     D:1: 791 daAuts
     D:3: 688 daAuts
     D:4: 472 daAuts
     D:6: 31 daAuts
  Temple: 1 daAuts
